 Dungeon Crawl Stone Soup version 0.21.1-1-g345015f (webtiles) character file.

518 sking99 the Sneak (level 7, 0/32 HPs)
             Began as a Spriggan Enchanter on June 24, 2018.
             Slain by a slave (7 damage)
             ... led by Pikel
             ... on level 4 of the Dungeon.
             The game lasted 00:15:48 (5062 turns).

sking99 the Sneak (Spriggan Enchanter)              Turns: 5062, Time: 00:15:49

Health: 0/32       AC:  3    Str:  4    XL:     7   Next: 1%
Magic:  8/14       EV: 20    Int: 19    God:
Gold:   136        SH:  0    Dex: 16    Spells: 8/14 levels left

rFire    . . .     SeeInvis +   a - +2 dagger
rCold    . . .     Gourm    .   (shield restricted)
rNeg     . . .     Faith    .   b - +1 robe
rPois    .         Spirit   .   (helmet restricted)
rElec    .         Reflect  .   (no cloak)
rCorr    .         Harm     .   (gloves unavailable)
MR       +....                  (boots unavailable)
Stlth    +++.......             (no amulet)
HPRegen  0.10/turn              (no ring)
MPRegen  0.14/turn              (no ring)

@: very quick
A: very small, unfitting armour, see invisible, herbivore, speed 3, slow
metabolism 2
a: no special abilities


You were on level 4 of the Dungeon.
You were very hungry.

You visited 1 branch of the dungeon, and saw 4 of its levels.

You collected 136 gold pieces.

Inventory:

Hand Weapons
 a - a +2 dagger (weapon)
 m - a +0 rapier
Armour
 b - a +1 robe (worn)
Scrolls
 j - 2 scrolls of remove curse
Potions
 e - 2 potions of magic
 f - a potion of brilliance {unknown}
 h - 3 potions of heal wounds
 k - 2 potions of flight {unknown}
Books
 c - a book of Maledictions

   Spells                             Type                      Level
   a - Corona                         Hexes                        1
   b - Ensorcelled Hibernation        Hexes/Ice                    2
   c - Confuse                        Hexes                        3
   d - Tukima's Dance                 Hexes                        3
   e - Dazzling Spray                 Conjuration/Hexes            3
Comestibles
 d - 4 rations


   Skills:
 + Level 2.1 Short Blades
 + Level 5.2 Dodging
 + Level 6.4 Stealth
 + Level 4.4 Spellcasting
 * Level 6.1 Hexes
 + Level 1.9 Ice Magic


You had 8 spell levels left.
You knew the following spells:

 Your Spells              Type           Power        Failure   Level  Hunger
a - Ensorcelled Hibernat  Hex/Ice        ###...       3%          2    #......
b - Corona                Hex            ####...      1%          1    None
c - Confuse               Hex            ####....     3%          3    ###....


Dungeon Overview and Level Annotations

Branches:
Dungeon (4/15)
 Temple: D:4-7

Altars:
Elyvilon
Makhleb
Xom

Shops:
D:4 *

Annotations:
D:4 Eustachio, Pikel


Innate Abilities, Weirdness & Mutations

You are very small and have problems with some larger weapons.
You are too small for most types of armour.
You have supernaturally acute eyesight. (SInv)
You are a herbivore.
You cover ground extremely quickly.
You need consume almost no food.


Message History

Confirm with . or Enter, or press ? or * to list all spells.
Aiming: Ensorcelled Hibernation
Press: ? - help, Shift-Dir - straight line, f/p - Pikel
Aim: Pikel, wielding a whip of flaming and wearing a robe (chance to defeat MR: 50%) Pikel resists with some effort.
The slave closely misses you. Pikel hits you with a whip of flaming.
Pikel burns you. The slave misses you.
Casting: Ensorcelled Hibernation
Confirm with . or Enter, or press ? or * to list all spells.
Aiming: Ensorcelled Hibernation
Press: ? - help, Shift-Dir - straight line, f/p - Pikel
Aim: Pikel, wielding a whip of flaming and wearing a robe (chance to defeat MR: 50%) Pikel looks drowsy...
The slave closely misses you.
Eustachio mumbles some strange words.
Eustachio blinks!
The slave hits you!
* * * LOW HITPOINT WARNING * * *
The helpless Pikel fails to defend himself.
You impale Pikel!!
Pikel is severely wounded.
The slave hits you!
You die...

#.,* #.>.... #..* ###.#....
***####..##### #...#....
**,,...#......## #.#......
**,,,...........#####.....###
*,,,,............#.......##*
*,,,,......................#
*,,,,......K.p..........####
*,,,,.......@........####
*,,,,......p.........#
*,,,..........@......#**
***,,............#......#*
**,,,,....#.......#.....).#####
*,,*#,#............#.###...#...
*,**#.#......ยง.###.#.#**.#..(..
**,* #.#.......##**..,,,,.......
*,,* #..o.o.....,,,,,,,*,..#....


You could see Eustachio, Pikel and 2 slaves.

Vanquished Creatures
  The ghost of RedG the Shooter, an amateur HaHu (D:3)
  2 hounds
  A bullfrog skeleton (D:3)
  2 orc priests (D:3)
  5 orc wizards (D:3)
  5 adders
  A worm (D:3)
  3 dart slugs
  A leopard gecko (D:2)
  4 orcs
  7 bats
  2 giant cockroaches (D:4)
  6 goblins
  5 hobgoblins
  3 jackals (D:1)
  7 kobolds
  3 quokkas (D:2)
  2 frilled lizards
  10 rats
70 creatures vanquished.

Vanquished Creatures (others)
  A quokka (D:3)
  A bat (D:3)
2 creatures vanquished.

Grand Total: 72 creatures vanquished

Notes
Turn   | Place    | Note
-------+----------+-------------------------------------------
     0 | D:1      | sking99 the Spriggan Enchanter began the quest for the Orb.
     0 | D:1      | Reached XP level 1. HP: 9/9 MP: 5/5
   236 | D:1      | Reached XP level 2. HP: 13/13 MP: 7/7
   243 | D:1      | Learned a level 2 spell: Ensorcelled Hibernation
  1420 | D:2      | Reached XP level 3. HP: 11/16 MP: 1/8
  1425 | D:2      | Learned a level 3 spell: Confuse
  1715 | D:2      | Reached skill level 5 in Stealth
  2379 | D:2      | Found a burning altar of Makhleb.
  2401 | D:2      | Reached XP level 4. HP: 21/21 MP: 4/10
  2816 | D:3      | Reached skill level 1 in Ice Magic
  3100 | D:3      | Reached skill level 5 in Hexes
  3100 | D:3      | Reached XP level 5. HP: 24/24 MP: 11/11
  3466 | D:3      | Found a white marble altar of Elyvilon.
  3523 | D:3      | Reached XP level 6. HP: 22/28 MP: 5/13
  3569 | D:3      | Noticed RedG's ghost (amateur HaHu)
  3974 | D:3      | Killed RedG's ghost
  4358 | D:3      | Reached skill level 5 in Dodging
  4763 | D:4      | Found a shimmering altar of Xom.
  4763 | D:4      | Found a shimmering altar of Xom.
  4775 | D:4      | Found a shimmering altar of Xom.
  4775 | D:4      | Found a shimmering altar of Xom.
  4775 | D:4      | Found a shimmering altar of Xom.
  4778 | D:4      | Found a shimmering altar of Xom.
  4778 | D:4      | Found a shimmering altar of Xom.
  4842 | D:4      | Noticed Eustachio
  4856 | D:4      | Found Ditwiklae's Assorted Antiques.
  4950 | D:4      | Reached XP level 7. HP: 28/32 MP: 11/14
  5052 | D:4      | Noticed Pikel
  5062 | D:4      | Slain by a slave

Skill      XL: |  1  2  3  4  5  6 |
---------------+-------------------+-----
Spellcasting   | 3 4 |  4.4
Hexes          | 4 5 6 |  6.1
Stealth        | 5 6 |  6.4
Dodging        | 4 5 |  5.2
Ice Magic      | 1 |  1.9
Short Blades   | 2 |  2.1

Action                   |  1- 3 |  4- 6 |  7- 9 || total
-------------------------+-------+-------+-------++-------
Melee: Dagger            |    82 |    84 |     1 ||   167
 Cast: Corona            |     4 |       |       ||     4
       Ensorcelled Hiber |    33 |    41 |     3 ||    77
       Confuse           |       |     6 |       ||     6
  Use: Scroll            |       |     8 |       ||     8
 Stab: Sleeping          |    28 |    31 |     1 ||    60
       Confused          |       |     4 |       ||     4
  Eat: Ration            |       |     2 |       ||     2
Armor: Robe              |     9 |     9 |     1 ||    19
Dodge: Dodged            |    78 |    65 |     6 ||   149
